 Dungeon Crawl Stone Soup version 0.31-a0-267-g3fc6992b3b (webtiles) character file.

Game seed: 3584855827200346587

217 qw the Shooter (level 5, -2/32 HPs)
             Began as a Gargoyle Hexslinger on July 13, 2023.
             Slain by Sigmund
             ... wielding a +7 antimagic scythe
              (10 damage)
             ... on level 3 of the Dungeon.
             The game lasted 00:01:09 (1923 turns).

qw the Shooter (Gargoyle Hexslinger)                Turns: 1923, Time: 00:01:09

Health: -2/32      AC:  9    Str: 12    XL:     5   Next: 94%
Magic:  0/6        EV: 15    Int: 13    God:
Gold:   189        SH:  0    Dex: 14    Spells: 5/6 levels left

rFire   . . .        Y - +1 sling
rCold   . . .        (no shield)
rNeg    + . .        i - +0 ring mail
rPois   inf          (no helmet)
rElec   +            (no cloak)
rCorr   .            (no gloves)
SInv    .            (no boots)
Will    .....        d - amulet of guardian spirit
Stlth   +            b - +5 ring of evasion
HPRegen 0.25/turn    (no ring)
MPRegen 0.10/turn

%: guardian spirit
@: no status effects
A: sickness immunity, AC +4, negative energy resistance 1, electricity
resistance, torment resistance 1, petrification resistance
a: no special abilities


You were on level 3 of the Dungeon.
You visited 1 branch of the dungeon, and saw 3 of its levels.

You collected 189 gold pieces.


Innate Abilities, Weirdness & Mutations

You are immune to sickness and miasma.
Your stone body is resilient. (AC +4)
You are immune to poison.
You resist negative energy. (rN+)
You are resistant to electric shocks. (rElec)
You are resistant to unholy torment.
You are immune to petrification.


   Skills:
 - Level 3.0 Fighting
 + Level 5.0 Ranged Weapons
 - Level 1.3 Armour
 - Level 1.5 Dodging
 - Level 1.0 Spellcasting
 - Level 2.6 Hexes


You had 5 spell levels left.
You knew the following spells:

 Your Spells              Type           Power      Damage    Failure   Level
a - Slow                  Hex            28%        N/A       21%         1

Your spell library contained the following spells:

 Spells                   Type           Power      Damage    Failure   Level
 Inner Flame              Hex/Fire       4%         N/A       71%         3
 Portal Projectile        Hex/Tloc       8%         N/A       71%         3
 Cause Fear               Hex            3%         N/A       90%         4

Inventory:

Hand Weapons
 Y - a +1 sling (weapon)
Armour
 c - a +1 robe of resistance
 i - a +0 ring mail (worn)
Jewellery
 b - a +5 ring of evasion (left hand)
 d - an amulet of guardian spirit (around neck)
Scrolls
 e - a scroll of teleportation {unknown}
Potions
 a - a potion of enlightenment {unknown}
 f - a potion of haste {unknown}
 g - a potion of ambrosia {unknown}
 h - a potion of curing

Dungeon Overview and Level Annotations

Branches:
Dungeon (3/15)

Altars:
Trog

Annotations:
D:3 Sigmund


Message History

Enter note:
Enter note:
Enter note: You shoot a sling bullet.
The sling bullet closely misses Sigmund.
You shoot a sling bullet.
The sling bullet hits Sigmund but does no damage.
Sigmund casts a spell.
Sigmund flickers and vanishes!
Deactivating autopickup; reactivate with Ctrl-A.
You shoot a sling bullet. You shoot a sling bullet. You shoot a sling bullet.
Something hits you.
You feel your power leaking away.
You shoot a sling bullet. Something hits you.
You feel your power leaking away.
You shoot a sling bullet. Something closely misses you.
You shoot a sling bullet. Something hits you!
You shoot a sling bullet. Something barely misses you.
You shoot a sling bullet. Something barely misses you.
You shoot a sling bullet. Something hits you but does no damage.
You shoot a sling bullet. You shoot a sling bullet. Something hits you.
You shoot a sling bullet. Something barely misses you.
You shoot a sling bullet. Something hits you but does no damage.
You shoot a sling bullet. Something hits you!
You shoot a sling bullet. Something hits you!
You die...

#### ##...
##############..(.
#.................
#.############....
#.# ##... #@#
###.# #.# #....
#{# #.#.# #.#
#.#.# #.# #.#.#
#.# #.#.# #.#
#.#.# #.# #.#..
#.###


There were no monsters in sight!

Vanquished Creatures
  Jessica (D:3)
  A sleepcap (D:2)
  Terence (D:3)
  5 adders
  3 river rats (D:3)
  3 worms
  A dart slug (D:1)
  3 orcs (D:3)
  6 ball pythons
  3 endoplasms
  3 giant cockroaches
  3 goblins
  5 hobgoblins
  3 jackals (D:2)
  4 kobolds
  6 bats
  4 frilled lizards
  9 rats
64 creatures vanquished.

Notes
Turn   | Place    | Note
-------+----------+-------------------------------------------
     0 | D:1      | qw the Gargoyle Hexslinger began the quest for the Orb.
     0 | D:1      | Reached XP level 1. HP: 12/12 MP: 2/2
     0 | D:1      | 0 ||| qw: Version: 0.3-a-52-g30416fa
     0 | D:1      | 0 ||| qw: Game counter: 7670
     0 | D:1      | 0 ||| qw: Melee chars always use a shield: true
     0 | D:1      | 0 ||| qw: God list: Okawaru
     0 | D:1      | 0 ||| qw: Allow faded altars: false
     0 | D:1      | 0 ||| qw: Do Orc after clearing Dungeon:15 true
     0 | D:1      | 0 ||| qw: Do second Lair branch before Depths: true
     0 | D:1      | 0 ||| qw: Lair rune preference: random
     0 | D:1      | 0 ||| qw: Goals: Normal
     0 | D:1      | 0 ||| PLANNING D:1-11
    70 | D:1      | Reached XP level 2. HP: 16/16 MP: 3/3
   137 | D:1      | Reached skill level 3 in Ranged Weapons
   412 | D:1      | 412 ||| UPGRADING to +0 leather armour.
   422 | D:1      | 422 ||| DROPPING +0 robe.
   423 | D:1      | 423 ||| UPGRADING to +0 ring mail.
   433 | D:1      | 433 ||| DROPPING +0 leather armour.
   434 | D:1      | 434 ||| READING scroll labelled YBIMNA NAYRIF.
   435 | D:1      | 435 ||| DROPPING scroll of poison.
   461 | D:2      | Reached XP level 3. HP: 17/21 MP: 4/4
   711 | D:2      | Reached XP level 4. HP: 25/26 MP: 5/5
  1003 | D:2      | Reached skill level 4 in Ranged Weapons
  1065 | D:2      | 1065 ||| UPGRADING to amulet of guardian spirit.
  1070 | D:2      | 1070 ||| UPGRADING to +5 ring of evasion.
  1071 | D:2      | 1071 ||| READING scroll labelled AMIGEA KAUFAOWNEPI.
  1072 | D:2      | 1072 ||| READING scroll labelled YCIL ISMEOLITH.
  1073 | D:2      | 1073 ||| DRINKING 2 sedimented black potions.
  1074 | D:2      | 1074 ||| DRINKING 2 cyan potions.
  1075 | D:2      | 1075 ||| DROPPING potion of brilliance.
  1118 | D:3      | 1118 ||| PLANNING SEWER
  1126 | D:3      | Found a faded altar of an unknown god.
  1220 | D:3      | Reached skill level 1 in Armour
  1231 | D:3      | Reached XP level 5. HP: 13/30 MP: 2/6
  1284 | D:3      | 1284 ||| FLEEEEING.
  1285 | D:3      | 1285 ||| FLEEEEING.
  1372 | D:3      | 1372 ||| FLEEEEING.
  1426 | D:3      | Found a bloodstained altar of Trog.
  1470 | D:3      | Noticed Terence
  1483 | D:3      | Killed Terence
  1571 | D:3      | Reached skill level 5 in Ranged Weapons
  1704 | D:3      | Noticed Jessica
  1714 | D:3      | 1714 ||| FLEEEEING.
  1718 | D:3      | 1718 ||| FLEEEEING.
  1719 | D:3      | 1719 ||| FLEEEEING.
  1720 | D:3      | 1720 ||| FLEEEEING.
  1721 | D:3      | 1721 ||| FLEEEEING.
  1739 | D:3      | 1739 ||| FLEEEEING.
  1740 | D:3      | 1740 ||| FLEEEEING.
  1741 | D:3      | 1741 ||| FLEEEEING.
  1744 | D:3      | 1744 ||| FLEEEEING.
  1745 | D:3      | 1745 ||| FLEEEEING.
  1746 | D:3      | 1746 ||| FLEEEEING.
  1752 | D:3      | 1752 ||| FLEEEEING.
  1753 | D:3      | 1753 ||| FLEEEEING.
  1754 | D:3      | 1754 ||| FLEEEEING.
  1755 | D:3      | 1755 ||| FLEEEEING.
  1756 | D:3      | 1756 ||| FLEEEEING.
  1757 | D:3      | 1757 ||| FLEEEEING.
  1766 | D:3      | Killed Jessica
  1767 | D:3      | Reached skill level 3 in Fighting
  1847 | D:3      | 1847 ||| RIP SEWER
  1904 | D:3      | 1904 ||| PLANNING D:1-11
  1906 | D:3      | Noticed Sigmund
  1922 | D:3      | HP: 7/32 [something (6)]
  1923 | D:3      | Slain by Sigmund

Levels and vault maps discovered:
D:1:      scummos_arrival_star, layout_rooms, dk_noncrumbling_4
D:2:      layout_basic, st_stairs_9
D:3:      minmay_recursive_quarters, layout_loops_ring,
          mainiacjoe_overflow_concentric_impassable, basic_ecumenical_altar,
          lightli_sewer_entry_pipes, uniq_crazy_yiuf_cottage, uniq_jessica,
          uniq_sigmund, uniq_terence, uniq_grinder

Skill      XL: |  1  2  3  4  5 |
---------------+----------------+-----
Ranged Weapons | 3 4 5 |  5.0
Fighting       | 2 3 |  3.0
Armour         | 1 |  1.3
Dodging        | |  1.5
Spellcasting   | |  1.0
Hexes          | |  2.6

Action                     |  1- 3 |  4- 6 || total
---------------------------+-------+-------++-------
   Fire: Sling             |    91 |   181 ||   272
    Use: Scroll            |     1 |     2 ||     3
         Potion            |       |     2 ||     2
 Armour: Ring mail         |    21 |    47 ||    68
         Robe              |     2 |       ||     2
  Dodge: Dodged            |    41 |   119 ||   160

Table legend:
 A = Non-vault XP
 B = Vault XP
 C = Vault XP percentage of total XP
 D = Non-vault monster count
 E = Vault monster count
 F = Vault count percentage of total count
                 A         B        C        D         E       F
            +---------+---------+-------+---------+---------+-------
      Total |     151 |     159 |  51.3 |      47 |      17 |  26.6
            +---------+---------+-------+---------+---------+-------
        D:1 |      28 |       0 |   0.0 |      16 |       0 |   0.0
        D:2 |      89 |       8 |   8.2 |      13 |       3 |  18.8
        D:3 |      34 |     151 |  81.6 |      18 |      14 |  43.8
            +---------+---------+-------+---------+---------+-------
